xgamer, chaotic female human Wizard ----- |...| ------- |...-# |.....| |...|# |.....| |.<.|# |....:-##@# -----# |.....| % N ------------- # #..^...| ####.`.........*| ### #------- # |.....`.....- # #%# ##....-----...| ### # |...|.{.|...| # # # |..`|{.{|`..| # # # |...|.{.|...| ## # # |...-.---...| #--.----# |.....*.....| #|..>..|# |`.........`| #|.)...|# ------------- #|......# #-.....| ------- xgamer the Thaumaturge Experience level: 7 Strength: 15 Dexterity: 15 Constitution: 14 Intelligence: 16 Wisdom: 10 Charisma: 9 Health: 0(54) Energy: 3(58) Def: 1 Gold: 0 Moves: 3506 Dungeon seed: cA0RwFxNeYSu4c0Y Game ID: xgamer_1534354483 Your Inventory: Weapons a - a blessed +1 quarterstaff (weapon in hands) x - a +0 dagger (in quiver) Armor e - an uncursed +0 cloak of magic resistance (being worn) h - an uncursed +0 mummy wrapping y - an uncursed +0 pair of jumping boots F - an uncursed +0 mummy wrapping N - an uncursed +0 pair of leather gloves U - an uncursed +0 elven leather helm Comestibles q - 3 uncursed food rations C - an uncursed orange I - 2 uncursed slime molds J - an uncursed slime mold W - an uncursed cram ration Scrolls i - 2 uncursed scrolls of identify j - an uncursed scroll of create monster k - an uncursed scroll of gold detection s - 2 uncursed scrolls of remove curse D - an uncursed scroll of amnesia L - a blessed scroll of magic mapping X - a cursed scroll of remove curse Spellbooks l - a blessed spellbook of force bolt m - an uncursed spellbook of clairvoyance o - an uncursed spellbook of teleport away t - an uncursed spellbook of identify Potions f - an uncursed potion of water g - an uncursed potion of confusion u - an uncursed potion of invisibility w - an uncursed potion of gain level Q - a cursed potion of blindness Z - an uncursed potion of speed Rings c - an uncursed ring of fire resistance d - an uncursed +1 ring of increase damage (on left hand) V - an uncursed ring of levitation Wands b - a wand of locking (0:5) M - a wand of striking (0:0) Tools n - an uncursed blindfold named rF p - an uncursed tin whistle v - 7 uncursed wax candles (0:400) A - 14 uncursed tallow candles (0:200) B - an uncursed lock pick G - a +0 grappling hook H - an uncursed sack K - a blessed wax candle (0:400) O - an uncursed leash Gems r - 3 uncursed worthless pieces of green glass z - an uncursed worthless piece of blue glass E - an uncursed worthless piece of orange glass R - 2 uncursed worthless pieces of yellowish brown glass T - 2 uncursed worthless pieces of red glass Y - an uncursed topaz stone Spells and supernatural/magical abilities: Name Level Category Fail Memory a - force bolt 1 attack 0% 83% v - clairvoyance 3 divination 91% 83% W - pray for help -- divine ? -- Your skills at the end: Fighting Skills Weapon Skills quarterstaff [Basic] Spellcasting Skills attack spells [Skilled] enchantment spells [Basic] Final Attributes: You were devoutly aligned. You were fire resistant. You were magic-protected. You had a +1 damage bonus. You are dead. Vanquished creatures: a small mimic a large cat an ochre jelly a wolf 2 leprechauns a giant spider 3 gnome kings a dwarf mummy an owlbear a piranha a dust vortex a raven 2 gnome mummies a quasit a violet fungus 4 gnome lords 4 gnomish wizards a kobold mummy a red naga hatchling a golden naga hatchling a little dog a floating eye a kitten 6 dwarves a kobold shaman 2 hill orcs 3 rothes a giant bat 2 orc zombies 2 iguanas an acid blob 3 hobbits a large kobold 2 hobgoblins 2 cave spiders a brown mold 2 yellow molds a red mold 17 gnomes 4 garter snakes a gecko 4 jackals 2 foxes a grid bug a bat a kobold zombie 5 newts 99 creatures vanquished. Voluntary challenges: You used a wielded weapon 131 times, starting on turn 480. You read items or engraved 8 times, starting on turn 7. You never genocided any monsters. You never polymorphed an object. You never changed form. You used no wishes. You never split a pudding. You never wrote Elbereth's name. You violated your moral code, losing 22 points of alignment, starting on turn 3338. Dungeon overview: The Dungeons of Doom: levels 1 to 9 Level 1 a long staircase Level 2 an armor shop Level 3 a fountain Level 4 an altar to Thoth, a fountain stairs to The Gnomish Mines Level 5 a fountain Level 6 Level 7 Level 8 a general store, a fountain Level 9 <- You were here many fountains The Gnomish Mines: levels 5 to 8 Level 5 stairs to The Dungeons of Doom Level 6 Level 7 Level 8 many shops, a temple to Thoth, some fountains History has recorded: On T:1 you entered the Dungeons of Doom to retrieve the Amulet of Yendor! On T:28 you reached level 2 of The Dungeons of Doom. On T:149 you reached level 3 of The Dungeons of Doom. On T:388 you reached level 4 of The Dungeons of Doom. On T:499 you reached level 1 of The Gnomish Mines. On T:681 you advanced to experience level 2. On T:736 you advanced to experience level 3. On T:768 you reached level 2 of The Gnomish Mines. On T:862 you advanced to experience level 4. On T:887 you advanced to experience level 5. On T:1050 you reached level 3 of The Gnomish Mines. On T:1207 you advanced to experience level 6. On T:1277 you reached level 4 of The Gnomish Mines. On T:1941 you advanced to experience level 7. On T:2647 you reached level 5 of The Dungeons of Doom. On T:2815 you reached level 6 of The Dungeons of Doom. On T:2835 you reached level 7 of The Dungeons of Doom. On T:2927 you reached level 8 of The Dungeons of Doom. On T:3177 you reached level 9 of The Dungeons of Doom. Score breakdown: Gold: 0 ( 0 points) Experience: 7 levels (13645 points) Exploration: 9 levels ( 17.65%) (12000 points) Discoveries: 13 items ( 4.53%) ( 6384 points) Valuables value: (no points given unless you survive) Artifact value: 0 ( 0 points) Variety of kills: 47 monsters ( 12.34%) (10536 points) Turncount: 3506 turns ( -830 points) Survival: died (score multiplied by 80%) Total score: 33388 Latest messages: The guardian naga bites! (2x) You begin praying to Anhur. You are surrounded by a shimmering light. The guardian naga starts to attack you, but pulls back. (4x) You feel that Anhur is well-pleased. You feel much better. You hit the guardian naga! The guardian naga bites! You hit the guardian naga! The guardian naga bites! You miss the guardian naga. The guardian naga bites! (2x) You hit the guardian naga! The guardian naga bites! You miss the guardian naga. The guardian naga bites! You are frozen by the guardian naga! The guardian naga bites! (11x) You die... The sack is empty. The sack is empty. Final status: Goodbye xgamer the Wizard, killed by a guardian naga, while paralyzed by a monster's touch... You died in The Dungeons of Doom on dungeon level 9 with 33388 points, and 0 pieces of gold, after 3506 moves. You were level 7 with a maximum of 54 hit points when you died.